 Dungeon Crawl Stone Soup version 0.17-a0-1663-gb806841 (webtiles) character file.

100849 Kidiri the Unseen (level 15, -5/63 HPs)
             Began as a Spriggan Enchanter on Aug 16, 2015.
             Was a High Priest of Dithmenos.
             Shot with a bolt by a naga sharpshooter (21 damage)
             ... on level 1 of the Snake Pit.
             The game lasted 03:06:19 (40144 turns).

Kidiri the Unseen (Spriggan Enchanter)             Turns: 40144, Time: 03:06:19

Health: -5/63      AC:  8    Str:  9    XL:     15   Next: 81%
Magic:  31/34      EV: 34    Int: 19    God:    Dithmenos [*****.]
Gold:   2024       SH:  0    Dex: 21    Spells: 16 memorised, 1 level left

rFire  + . .     SeeInvis +     w - +6 dagger (speed)
rCold  x . .     Clarity  .     h - +1 robe of the Solstice {rN+ MR+ Str+3 Stlth+}
rNeg   + . .     SustAt   .     (shield restricted)
rPois  +         Gourm    .     D - +2 hat
rElec  .         Spirit   .     B - +2 cloak
rCorr  .         Warding  .     (gloves unavailable)
rMut   +         Stasis   .     (boots unavailable)
MR     ++++.                    n - amulet of resist mutation
Stlth  ++++++++++               a - ring of wizardry
                                F - ring "Mewaoh" {Fire rPois MR+ Str+2}

@: very slightly contaminated, wreathed by umbra, invisible, very quick,
incredibly resistant to hostile enchantments, uncannily stealthy
A: unfitting armour, see invisible, herbivore 3, speed 3, slow metabolism 2
a: Shadow Step, Shadow Form, Renounce Religion


You were on level 1 of the Snake Pit.
You worshipped Dithmenos.
Dithmenos was extremely pleased with you.
You were very full.

You visited 5 branches of the dungeon, and saw 27 of its levels.
You also visited: Labyrinth and Sewer.

You collected 2942 gold pieces.
You spent 918 gold pieces at shops.

Inventory:

Hand weapons
 w - a +6 dagger of speed (weapon)
 J - a +4 rapier of holy wrath
Missiles
 u - 2 throwing nets (quivered)
Armour
 h - the +1 robe of the Solstice (worn) {rN+ MR+ Str+3 Stlth+}
   (You bought it in a shop on level 4 of the Orcish Mines)

   It affects your strength (+3).
   It protects you from negative energy.
   It affects your resistance to hostile enchantments.
   It makes you more stealthy.
 B - a +2 cloak (worn)
 D - a +2 hat (worn)
 Q - a +2 robe of cold resistance
Jewellery
 a - a ring of wizardry (right hand)
 n - an amulet of resist mutation (around neck)
 t - an uncursed ring of magical power
 v - an uncursed ring of sustain attributes
 C - an uncursed ring of ice
 E - a +2 ring of protection
 F - the ring "Mewaoh" (left hand) {Fire rPois MR+ Str+2}
   (You bought it in a shop on level 1 of the Orcish Mines)

   [ring of fire]

   It enhances your fire magic, and weakens your ice magic.
   It affects your strength (+2).
   It protects you from fire.
   It makes you vulnerable to cold.
   It protects you from poison.
   It affects your resistance to hostile enchantments.
Magical devices
 e - a wand of disintegration (11)
 g - a wand of paralysis (5)
 i - a wand of digging (5)
 k - a wand of draining (5)
 x - a wand of disintegration (10)
 y - a wand of magic darts (20)
 I - a wand of slowing (23)
 K - a wand of enslavement (12)
 L - a wand of paralysis (19)
 M - a wand of paralysis (15)
 N - a wand of polymorph (12)
 P - a wand of lightning (5)
Scrolls
 c - 10 scrolls of teleportation
 j - 4 scrolls of fear
 r - a scroll of blinking
 s - 4 scrolls of fog
 z - 4 scrolls of magic mapping
 A - a scroll of enchant armour
 H - 5 scrolls of remove curse
 O - 2 scrolls of amnesia
Potions
 f - 5 potions of agility
 l - 3 potions of brilliance
 m - 3 potions of curing
 o - 2 potions of might
 p - a potion of invisibility
Books
 q - a book of Geomancy

   Spells                             Type                      Level
   a - Sandblast                      Earth                        1
   b - Stoneskin                      Transmutation/Earth          2
   c - Passwall                       Transmutation/Earth          3
   d - Stone Arrow                    Conjuration/Earth            3
   e - Petrify                        Transmutation/Earth          4
   f - Lee's Rapid Deconstruction     Earth                        5
 G - a book of Callings

   Spells                             Type                      Level
   a - Summon Small Mammal            Summoning                    1
   b - Call Imp                       Summoning                    2
   c - Call Canine Familiar           Summoning                    3
   d - Summon Guardian Golem          Hexes/Summoning              3
   e - Summon Lightning Spire         Summoning/Air                4
   f - Summon Ice Beast               Ice/Summoning                4
Comestibles
 b - 4 fruits
 d - 16 bread rations


   Skills:
 + Level 9.2 Short Blades
 * Level 15.7 Dodging
 * Level 17.1 Stealth
 * Level 14.0 Spellcasting
 + Level 6.2 Conjurations
 + Level 10.6 Hexes
 + Level 5.1 Summonings
 + Level 3.0 Transmutations
 + Level 6.8 Ice Magic
 + Level 5.0 Air Magic
 + Level 2.4 Earth Magic
 + Level 5.5 Poison Magic
 + Level 7.6 Invocations


You had one spell level left.
You knew the following spells:

 Your Spells              Type           Power        Failure   Level  Hunger
a - Corona                Hex            ######.      1%          1    None
b - Ensorcelled Hibernat  Hex/Ice        ###...       1%          2    None
c - Confuse               Hex            ######..     1%          3    None
d - Tukima's Dance        Hex            ######..     1%          3    None
e - Dazzling Spray        Conj/Hex       #####...     1%          3    None
f - Sting                 Conj/Pois      ####         1%          1    None
g - Cure Poison           Pois           ####......   1%          2    None
h - Mephitic Cloud        Conj/Pois/Air  ####....     1%          3    None
i - Olgreb's Toxic Radia  Pois           ####....     2%          4    None
j - Venom Bolt            Conj/Pois      #####.....   6%          5    ####...
k - Summon Small Mammal   Summ           ####         1%          1    None
l - Call Imp              Summ           ####....     1%          2    None
m - Summon Guardian Gole  Hex/Summ       #####...     1%          3    None
n - Call Canine Familiar  Summ           ####....     1%          3    None
o - Passwall              Trmt/Erth      ###.......   2%          3    None
p - Stoneskin             Trmt/Erth      ###.....     1%          2    None


Dungeon Overview and Level Annotations

Branches:
Dungeon (12/15)            Temple (1/1) D:6            Lair (8/8) D:9
  Swamp (0/4) Lair:6        Snake (2/4) Lair:4        Slime (0/6) Lair:7
    Orc (4/4) D:11            Elf (0/3) Orc:3

Altars:
Ashenzari
Cheibriados
Dithmenos
Elyvilon
Fedhas
Gozag
Kikubaaqudgha
Makhleb
Nemelex Xobeh
Okawaru
Qazlal
Ru
Sif Muna
Trog
Vehumet
Xom
Yredelemnul
Zin
The Shining One
Beogh

Shops:
D:3 *   D:11 [   Orc:1 =   Orc:2 %   Orc:3 [   Orc:4 %*[%[

Annotations:
Snake:2 Jorgrun


Innate Abilities, Weirdness & Mutations

You are tiny and cannot use many weapons and most armour.
You have supernaturally acute eyesight.
You are a herbivore.
You cover ground extremely quickly.
You need consume almost no food.


Message History

Okay, then.
Unknown command.
Unknown command.
Unknown command.
Unknown command.
Unknown command.
Unknown command.
Your mace falls from the air.
Casting: Tukima's Dance
Confirm with . or Enter, or press ? or * to list all spells.
Aiming: Dazzling Spray
Press: ? - help, Shift-Dir - straight line, f/p - naga
Aim: a naga (black smoke, catching its breath, umbra)
The spray of energy hits the naga.
The naga is lightly wounded.
The spray of energy hits the naga sharpshooter.
The naga sharpshooter is lightly wounded.
The shock serpent hisses angrily.
The naga sharpshooter shoots a bolt.
The bolt hits you!!
You die...

####### ######### ####.....## ###
##.#.....### #.........# #.##
##..........# .......[..# ##.§#
##...........#
.....)..[.###§§§###............##
............#§§N@##.............#
...<........#§§.§#...............
......)..>..#..N.................
...........)..............(.....#
...........#.S..................#
...........#...................##
..........#...##N..............#
#.......##...###...............#
###.######...# ##..............##


You could see a naga sharpshooter, a shock serpent and 2 nagas.

Vanquished Creatures
  Saint Roka (Orc:4)
  Rupert (Lair:4)
  A greater naga (Snake:2)
  Nessos (D:12)
  Josephine (Lair:5)
  A minotaur (Lab)
  Fannar (D:11)
  13 hydras
  A naga warrior (Snake:2)
  3 catoblepae (Lair:8)
  The ghost of abixa the Fighter, a powerful GrFi of Okawaru (Lab)
  8 anacondas
  13 death yaks (Lair:8)
  A naga sharpshooter (Snake:2)
  A shock serpent (Snake:2)
  2 orc high priests (Orc:4)
  A fire crab (Lair:8)
  A salamander mystic (Snake:1)
  The ghost of 4thArraOfDagon the Slasher, an experienced DrNe of Qazlal (D:12)
  A lindwurm (Lair:8)
  An unseen horror (Lab)
  A naga ritualist (Snake:1)
  3 orc knights
  4 mana vipers
  An ugly thing (D:12)
  2 cyclopes (D:11)
  3 salamanders (Snake:1)
  3 hill giants
  A griffon (Lair:6)
  3 orc sorcerers (Orc:4)
  6 naga magi (Snake:1)
  2 guardian serpents (Snake:1)
  3 elephants (Lair:8)
  11 black mambas
  A centaur zombie (D:11)
  A torpor snail (Lair:8)
  16 spiny frogs
  8 komodo dragons
  5 fire drakes
  5 trolls
  2 two-headed ogres
  Grinder (D:4)
  17 blink frogs
  2 boulder beetles
  Sigmund (D:2)
  5 wraiths
  A wyvern (D:11)
  50 yaks
  3 basilisks
  7 hungry ghosts
  4 swamp worms (Lair:6)
  19 nagas
  28 wolves
  9 hippogriffs
  A warg (Orc:2)
  2 mottled dragons (D:12)
  8 water moccasins
  An ice beast (D:10)
  34 orc warriors
  2 black bears
  11 porcupines
  5 sky beasts
  A wasp (D:8)
  4 centaurs
  5 phantoms
  26 crocodiles
  11 ogres
  A brain worm (Lair:6)
  4 big kobolds
  The ghost of Voda the Ducker, an average FeCK of Xom (D:4)
  13 giant frogs
  3 scorpions
  A wyvern skeleton (D:5)
  4 killer bees (D:8)
  4 electric eels
  7 wights
  3 giant frog zombies
  7 crimson imps
  2 quasits
  2 centaur skeletons
  3 giant frog skeletons
  4 jellies
  6 hounds
  29 orc priests
  Ijyb (D:2)
  12 iguanas
  11 worker ants
  Natasha (thrice) (D:4)
  A statue (D:5)
  36 orc wizards
  A killer bee zombie (D:6)
  4 sheep (Lair:8)
  A hound zombie (D:5)
  Robin (D:3)
  14 adders
  A gnoll (D:1)
  58 river rats
  2 shadow imps
  12 white imps (Orc:2)
  An adder zombie (D:9)
  A worm (D:2)
  2 adder skeletons
  16 giant geckos
  162 orcs
  8 ball pythons
  2 giant cockroaches
  13 hobgoblins
  6 jackals
  5 quokkas
  5 bats
  12 giant newts
  9 goblins
  A goblin skeleton (D:6)
  2 goblin zombies (D:6)
  3 hobgoblin zombies (D:6)
  A jackal skeleton (D:6)
  A jackal zombie (D:7)
  34 kobolds
  An orc skeleton (D:6)
  An orc zombie (D:6)
  2 quokka skeletons
  6 rats
  2 plants (Lair:7)
942 creatures vanquished.

Vanquished Creatures (collateral kills)
  An orc high priest (Orc:4)
  A naga sharpshooter (Snake:2)
  2 orc knights (Orc:4)
  4 nagas
  2 orc warriors (Orc:4)
  An orc (Orc:4)
11 creatures vanquished.

Vanquished Creatures (others)
  2 dancing weapons
  A spiny frog (Lair:7)
  An orc priest (Orc:4)
  An orc (D:6)
  3 bushes (Lair:8)
  42 fungi
  31 plants
81 creatures vanquished.

Grand Total: 1034 creatures vanquished

Notes
Turn   | Place    | Note
--------------------------------------------------------------
     0 | D:1      | Kidiri the Spriggan Enchanter began the quest for the Orb.
     0 | D:1      | Reached XP level 1. HP: 9/9 MP: 5/5
   417 | D:1      | Gained mutation: You can spit weak poison. [potion of mutation]
   417 | D:1      | Gained mutation: You are somewhat resistant to further mutation. [potion of mutation]
   452 | D:1      | Reached XP level 2. HP: 13/13 MP: 6/6
   456 | D:1      | Learned a level 2 spell: Ensorcelled Hibernation
   748 | D:2      | Noticed Sigmund
   983 | D:2      | Reached XP level 3. HP: 16/16 MP: 1/8
   988 | D:2      | Learned a level 3 spell: Confuse
  1129 | D:2      | Noticed Ijyb
  1141 | D:2      | Killed Ijyb
  1141 | D:2      | Reached skill level 5 in Stealth
  1337 | D:2      | Learned a level 3 spell: Tukima's Dance
  1357 | D:2      | Found an opulent altar of Gozag.
  1660 | D:2      | Reached XP level 4. HP: 21/21 MP: 5/10
  1808 | D:2      | Reached skill level 1 in Ice Magic
  1954 | D:2      | Killed Sigmund
  1954 | D:2      | Reached XP level 5. HP: 19/24 MP: 1/12
  2333 | D:3      | Found Zin's Purification Station.
  2336 | D:3      | Found a glowing silver altar of Zin.
  2455 | D:3      | Found a stormy altar of Qazlal.
  2713 | D:3      | Learned a level 3 spell: Dazzling Spray
  2728 | D:3      | Noticed Robin
  2734 | D:3      | Killed Robin
  3473 | D:3      | Reached skill level 6 in Stealth
  3721 | D:4      | Noticed Voda's ghost (average FeCK)
  3739 | D:4      | Killed Voda's ghost
  3739 | D:4      | Reached XP level 6. HP: 15/28 MP: 2/13
  4080 | D:4      | Noticed Natasha
  4082 | D:4      | Killed Natasha
  4109 | D:4      | Noticed an ogre
  4126 | D:4      | Killed an ogre
  4126 | D:4      | Reached skill level 5 in Dodging
  4494 | D:4      | Noticed Natasha
  4501 | D:4      | Killed Natasha
  4543 | D:4      | Found a sparkling altar of Nemelex Xobeh.
  4543 | D:4      | Found a bloodstained altar of Trog.
  4709 | D:4      | Noticed Grinder
  4730 | D:4      | Killed Grinder
  4730 | D:4      | Reached skill level 5 in Spellcasting
  4730 | D:4      | Reached skill level 1 in Conjurations
  4730 | D:4      | Reached XP level 7. HP: 24/32 MP: 9/15
  4943 | D:4      | Noticed Natasha
  4947 | D:4      | Killed Natasha
  5586 | D:5      | Entered Level 5 of the Dungeon
  5594 | D:5      | Reached skill level 7 in Stealth
  5685 | D:5      | Found a glowing drain.
  5690 | Sewer    | Entered a sewer
  6878 | D:5      | Reached skill level 5 in Hexes
  6962 | D:5      | Found a radiant altar of Vehumet.
  7085 | D:5      | Reached XP level 8. HP: 36/36 MP: 12/17
  7103 | D:5      | Reached skill level 8 in Stealth
  8473 | D:6      | Found a staircase to the Ecumenical Temple.
  8482 | Temple   | Entered the Ecumenical Temple
  8507 | Temple   | Became a worshipper of Dithmenos the Shadowed
  8977 | D:6      | Found a shimmering altar of Xom.
  9043 | D:6      | Found a glowing golden altar of the Shining One.
  9249 | D:6      | Reached skill level 1 in Invocations
  9408 | D:6      | Found a shattered altar of Ashenzari.
  9472 | D:6      | Found a blossoming altar of Fedhas.
  9750 | D:7      | Reached skill level 9 in Stealth
  9785 | D:7      | Reached XP level 9. HP: 39/39 MP: 20/20
 10631 | D:7      | Found a deep blue altar of Sif Muna.
 10712 | D:7      | Found a burning altar of Makhleb.
 10712 | D:7      | Noticed an Executioner
 11144 | D:8      | Found an iron altar of Okawaru.
 11660 | D:8      | Reached skill level 5 in Short Blades
 11660 | D:8      | Reached skill level 10 in Stealth
 11723 | D:8      | Found a sacrificial altar of Ru.
 11824 | D:8      | Acquired Dithmenos's first power
 12755 | D:9      | Reached XP level 10. HP: 44/44 MP: 23/23
 13386 | D:9      | Found a staircase to the Lair.
 13515 | D:9      | Noticed a komodo dragon
 13518 | D:9      | Killed a komodo dragon
 13518 | D:9      | Reached skill level 11 in Stealth
 13957 | D:10     | Entered Level 10 of the Dungeon
 14045 | Lair:1   | Entered Level 1 of the Lair of Beasts
 14150 | Lair:1   | Reached skill level 10 in Dodging
 14657 | Lair:1   | Reached XP level 11. HP: 47/47 MP: 16/25
 15012 | Lair:1   | Acquired Dithmenos's second power
 15020 | Lair:1   | Reached skill level 12 in Stealth
 15561 | Lair:1   | Reached skill level 10 in Spellcasting
 16059 | Lair:1   | Acquired Dithmenos's third power
 16366 | Lair:2   | Learned a level 1 spell: Sting
 16369 | Lair:2   | Learned a level 2 spell: Cure Poison
 16373 | Lair:2   | Learned a level 3 spell: Mephitic Cloud
 16378 | Lair:2   | Learned a level 4 spell: Olgreb's Toxic Radiance
 16384 | Lair:2   | Learned a level 5 spell: Venom Bolt
 16749 | Lair:2   | Gained mutation: You are agile. (Dex +2) [potion of mutation]
 16749 | Lair:2   | Gained mutation: You have a pair of small horns on your head. [potion of mutation]
 16996 | Lair:2   | Noticed a five-headed hydra
 17004 | Lair:2   | Killed a five-headed hydra
 17062 | Lair:2   | Reached skill level 1 in Poison Magic
 17369 | Lair:2   | Reached skill level 13 in Stealth
 17380 | Lair:2   | Reached skill level 1 in Air Magic
 17857 | Lair:2   | Learned a level 1 spell: Summon Small Mammal
 17860 | Lair:2   | Learned a level 2 spell: Call Imp
 17866 | Lair:3   | Reached XP level 12. HP: 51/51 MP: 27/27
 18004 | Lair:3   | Noticed a six-headed hydra
 18496 | Lair:3   | Killed a six-headed hydra
 19277 | Lair:4   | Noticed a four-headed hydra
 19284 | Lair:4   | Killed a four-headed hydra
 19284 | Lair:4   | Reached skill level 5 in Ice Magic
 19414 | Lair:4   | Reached skill level 1 in Summonings
 19575 | Lair:4   | Found a staircase to the Snake Pit.
 19604 | Lair:4   | Learned a level 3 spell: Summon Guardian Golem
 19619 | Lair:4   | Noticed Rupert
 19644 | Lair:4   | Killed Rupert
 19646 | Lair:4   | Reached skill level 5 in Invocations
 21054 | Lair:5   | Noticed a seven-headed hydra
 21055 | Lair:5   | Noticed a five-headed hydra
 21057 | Lair:5   | Killed a seven-headed hydra
 21057 | Lair:5   | Reached skill level 14 in Stealth
 21059 | Lair:5   | Noticed Josephine
 21060 | Lair:5   | Killed a five-headed hydra
 21084 | Lair:5   | Noticed a six-headed hydra
 21586 | Lair:5   | Killed Josephine
 21586 | Lair:5   | Reached XP level 13. HP: 21/55 MP: 20/29
 21892 | Lair:5   | Killed a six-headed hydra
 22170 | Lair:5   | Noticed an eight-headed hydra
 22194 | Lair:5   | Killed an eight-headed hydra
 23345 | Lair:6   | Found a staircase to the Swamp.
 23601 | Lair:7   | Found a labyrinth entrance.
 23630 | Lab      | Entered a labyrinth
 24392 | Lab      | Noticed abixa's ghost (powerful GrFi)
 24447 | Lab      | Killed abixa's ghost
 24972 | Lab      | Reached skill level 5 in Conjurations
 24989 | Lab      | Identified the Collected Works on Execration
 25180 | Lair:7   | Found a staircase to the Slime Pits.
 25454 | Lair:7   | Learned a level 3 spell: Call Canine Familiar
 26276 | Lair:8   | Entered Level 8 of the Lair of Beasts
 26596 | Lair:8   | Reached skill level 15 in Stealth
 27211 | Lair:8   | Reached XP level 14. HP: 38/59 MP: 18/31
 30071 | Lair:8   | Got a faintly glowing robe
 30082 | Lair:8   | Identified the +0 robe "Sinobam" {rF- Str+10} (You found it on level 8 of the Lair of Beasts)
 30532 | D:10     | Noticed a hill giant
 30535 | D:10     | Killed a hill giant
 30558 | D:10     | Reached skill level 10 in Hexes
 30700 | D:10     | Noticed a hill giant
 30703 | D:10     | Killed a hill giant
 30847 | D:10     | Lost mutation: You are agile. (Dex +2) [potion of cure mutation]
 30847 | D:10     | Lost mutation: You can spit weak poison. [potion of cure mutation]
 30847 | D:10     | Lost mutation: You have a pair of small horns on your head. [potion of cure mutation]
 30847 | D:10     | Lost mutation: You are somewhat resistant to further mutation. [potion of cure mutation]
 31409 | D:11     | Noticed Fannar
 31415 | D:11     | Killed Fannar
 31683 | D:11     | You fall through a shaft!
 31683 | D:12     | Found a white marble altar of Elyvilon.
 31938 | D:12     | Noticed 4thArraOfDagon's ghost (experienced DrNe)
 31956 | D:12     | Killed 4thArraOfDagon's ghost
 31986 | D:12     | Learned a level 3 spell: Passwall
 32053 | D:12     | Noticed Nessos
 32069 | D:12     | Killed Nessos
 32069 | D:12     | Reached skill level 15 in Dodging
 32069 | D:12     | Reached skill level 16 in Stealth
 32606 | D:11     | Found Jefaso's Armour Boutique.
 32857 | D:11     | Found a staircase to the Orcish Mines.
 33000 | D:11     | Found a roughly hewn altar of Beogh.
 33481 | Orc:1    | Entered Level 1 of the Orcish Mines
 33481 | Orc:1    | Found Asumuomo's Jewellery Boutique.
 34028 | Orc:2    | Found Ridghicru's Food Shop.
 34450 | Orc:3    | Found Ropsoim's Antique Armour Shoppe.
 34648 | Orc:2    | Found a frozen archway.
 34661 | Orc:2    | Reached XP level 15. HP: 55/63 MP: 20/33
 35208 | Orc:3    | Found a staircase to the Elven Halls.
 35422 | Orc:3    | Acquired Dithmenos's fourth power
 35807 | Orc:4    | Entered Level 4 of the Orcish Mines
 35807 | Orc:4    | Noticed Saint Roka
 35817 | Orc:4    | Found a roughly hewn altar of Beogh.
 35822 | Orc:4    | Killed Saint Roka
 35822 | Orc:4    | Reached skill level 1 in Transmutations
 35822 | Orc:4    | Reached skill level 1 in Earth Magic
 35822 | Orc:4    | Reached skill level 5 in Poison Magic
 36036 | Orc:3    | Learned a level 2 spell: Stoneskin
 36190 | Orc:4    | Found a roughly hewn altar of Beogh.
 36224 | Orc:4    | Found Moteyngu's Antique Armour Shoppe.
 36269 | Orc:4    | Bought an ichor-stained robe for 136 gold pieces
 36279 | Orc:4    | Identified the +1 robe of the Solstice {rN+ MR+ Str+3 Stlth+} (You bought it in a shop on level 4 of the Orcish Mines)
 37209 | Orc:4    | Found Jyutruqi's Food Boutique.
 37209 | Orc:4    | Found Bouzarphe's Armour Shoppe.
 37214 | Orc:4    | Found Woew's Assorted Antiques.
 37214 | Orc:4    | Found Xofi's Food Shoppe.
 37414 | Orc:1    | Bought the ring "Mewaoh" {Fire rPois MR+ Str+2} for 782 gold pieces
 37512 | Snake:1  | Entered Level 1 of the Snake Pit
 38511 | Snake:1  | Reached skill level 5 in Air Magic
 38517 | Snake:1  | Reached skill level 5 in Summonings
 39167 | Snake:2  | Noticed a greater naga
 39171 | Snake:2  | Killed a greater naga
 39171 | Snake:2  | Reached skill level 17 in Stealth
 40062 | Snake:2  | Noticed Jorgrun
 40144 | Snake:1  | Shot with a bolt by a naga sharpshooter

Vault maps used:
D:1:      lightli_arrival_flooded_house
D:2:      nicolae_gozag_seed_capital, uniq_iyjb, uniq_sigmund
D:3:      zin_purify, first_bread, grunt_qazlal_clouds, uniq_robin
D:4:      gammafunk_temple_overflow_statue, uniq_natasha, uniq_grinder
D:5:      vehumet_statue, gup_sewer_entry_spiral
D:6:      lemuel_round_altar, old_standard_altar, ashenzari_conservatory_becter,
          lemuel_temple_firewalk, nicolae_tso_besieged_by_evil
D:7:      lemuel_blue_sif_altar, makhleb_altar_promises_db, grunt_ogre_cave
D:8:      boulder_corridor_run, lemuel_coloured_pillars_altar,
          okawaru_metal_pillars_3
D:9:      wad_cavern_with_rooms
D:10:     kennysheep_generic_room_8
D:11:     minmay_orc_entry_temple_small, serial_shops, shop, serial_glass,
          glass_columns_b, glass_columns_b, glass_columns_a, glass_columns_b,
          lemuel_old_faithful, uniq_fannar
D:12:     elyvilon_altar_5, uniq_nessos
Temple:   minmay_temple_bridge_a_8
Lair:1:   lemuel_reptile_caves
Lair:2:   grunt_megastairs_3
Lair:4:   minmay_snake_entry_guardpost_medium, uniq_rupert
Lair:5:   lemuel_fruit_tree, uniq_josephine
Lair:6:   nicolae_swamp_entry_splash_gauntlet
Lair:7:   dpeg_slime_entry_corner, lab_entry_generic
Lair:8:   evilmike_catoblepas_cave, grunt_forest_large_clearings
Snake:1:  hangedman_snake_corridor_cut
Snake:2:  portal_ice_cave_entry_ice_beasts, uniq_jorgrun
Orc:1:    serial_shops, shop
Orc:2:    serial_shops, shop, portal_ice_cave_entry_imps
Orc:3:    serial_shops, shop, nicolae_orc_pool_cavern
Orc:4:    grunt_orc_tribal_feast, serial_shops, shop, hangedman_feature_mirror,
          uniq_saint_roka
Lab:      nicolae_lab_dead_adventurers, nicolae_lab_statue, nicolae_lab_swirl,
          labyrinth_glass_1, nicolae_lab_starburst, nicolae_lab_checkerboard
Sewer:    sewer_co_scattered_pipes

Action                   |  1- 3 |  4- 6 |  7- 9 | 10-12 | 13-15 || total
-------------------------+-------+-------+-------+-------+-------++-------
Melee: Dagger            |    53 |     1 |     7 |   372 |  1094 ||  1527
       Rapier            |       |    38 |   282 |    72 |   179 ||   571
       Short sword       |       |    59 |       |       |       ||    59
Throw: Throwing net      |       |       |       |       |     4 ||     4
 Cast: Corona            |     3 |     1 |     6 |       |     1 ||    11
       Ensorcelled Hiber |    21 |    23 |    73 |   178 |   237 ||   532
       Confuse           |     1 |     4 |    26 |    21 |    42 ||    94
       Tukima's Dance    |       |     1 |       |       |    19 ||    20
       Dazzling Spray    |       |     2 |    38 |    53 |   202 ||   295
       Mephitic Cloud    |       |       |       |    12 |    35 ||    47
       Summon Guardian G |       |       |       |     1 |     5 ||     6
       Olgreb's Toxic Ra |       |       |       |     1 |     1 ||     2
       Call Imp          |       |       |       |       |     3 ||     3
       Venom Bolt        |       |       |       |       |    19 ||    19
       Cure Poison       |       |       |       |       |     1 ||     1
       Passwall          |       |       |       |       |     1 ||     1
Invok: Shadow Step       |       |       |       |    17 |    33 ||    50
Evoke: Wand              |       |       |     1 |       |       ||     1
  Use: Potion            |     4 |     8 |     7 |     3 |    10 ||    32
       Scroll            |     5 |     4 |    10 |     5 |    14 ||    38
 Stab: Sleeping          |    18 |    17 |    79 |   139 |   243 ||   496
       Confused          |     1 |     5 |    12 |    18 |    43 ||    79
       Invisible         |       |     1 |     9 |    21 |    56 ||    87
       Distracted        |       |     1 |     2 |     2 |     5 ||    10
       Held in net/web   |       |       |       |       |     1 ||     1
       Petrified         |       |       |       |       |     1 ||     1
  Eat: Pizza             |       |     1 |     1 |     1 |     2 ||     5
       Bread ration      |       |     1 |     1 |       |       ||     2
       Royal jelly       |       |       |       |     2 |       ||     2
       Fruit             |       |       |       |    10 |    22 ||    32
